TOP OF THE 1ST |
Chicago Gold Sox batting - Pitching for New Amsterdam Republics : RHP Miguel Meza
|
Pitching: RHP Miguel Meza
|
|
Batting: RHB John Farrell
|
0-0: Foul Ball, location: 2F 0-1: Foul Ball, location: 2F 0-2: Ball 1-2: Ball 2-2: SOLO HOME RUN (Flyball, 8LXD), Distance : 436 ft
|
Batting: RHB Craig Stewart
|
0-0: Ball 1-0: Called Strike 1-1: Called Strike 1-2: SINGLE (Flyball, 7LM)
|
Batting: LHB Noel Ballard
|
0-0: Ball 1-0: Called Strike 1-1: Called Strike 1-2: Ball 2-2: Strikes out swinging
|
Batting: LHB Earl Ellis
|
0-0: Ball 1-0: Foul Ball, location: 2F 1-1: Foul Ball, location: 2F 1-2: Ball 2-2: Strikes out swinging
|
Batting: LHB Ron Goodwin
|
0-0: Called Strike Craig Stewart is caught stealing 2nd base
|
Top of the 1st over - 1 run(s), 2 hit(s), 0 error(s), 0 left on base; Chicago 1 - New Amsterdam 0 |
BOTTOM OF THE 1ST |
New Amsterdam Republics batting - Pitching for Chicago Gold Sox : RHP Devin Hinton
|
Pitching: RHP Devin Hinton
|
|
Batting: RHB José Ramírez
|
0-0: Called Strike 0-1: Ball 1-1: Foul Ball, location: 2F 1-2: Ground out 5-3 (Groundball, 6)
|
Batting: RHB Doug Reed
|
0-0: Ball 1-0: Ball 2-0: SINGLE (Line Drive, 4MD)
|
Batting: LHB Steve Ingram
|
0-0: Ball 1-0: Ball 2-0: SINGLE (Groundball, 34S) Doug Reed to second Runner from 2nd tries for 3rd, OUT!
|
Batting: RHB Carlos Ortega
|
0-0: Ball 1-0: Foul Ball, location: 2F 1-1: Ball 2-1: Fly out, F8 (Flyball, 8RD)
|
Bottom of the 1st over - 0 run(s), 2 hit(s), 0 error(s), 1 left on base; Chicago 1 - New Amsterdam 0 |
TOP OF THE 2ND |
Chicago Gold Sox batting - Pitching for New Amsterdam Republics : RHP Miguel Meza
|
Batting: LHB Ron Goodwin
|
0-0: Ball 1-0: Ball 2-0: Fly out, F9 (Flyball, 89D)
|
Batting: LHB Norm Ortega
|
0-0: Ball 1-0: Ball 2-0: Ground out 4-3 (Groundball, 4M)
|
Batting: LHB Vicente Martínez
|
0-0: Ball 1-0: Ball 2-0: Foul Ball, location: 2F 2-1: Foul Ball, location: 2F 2-2: Strikes out looking
|
Top of the 2nd over - 0 run(s), 0 hit(s), 0 error(s), 0 left on base; Chicago 1 - New Amsterdam 0 |
BOTTOM OF THE 2ND |
New Amsterdam Republics batting - Pitching for Chicago Gold Sox : RHP Devin Hinton
|
Batting: LHB Ken Norman
|
0-0: Called Strike 0-1: SINGLE (Groundball, 34D)
|
Batting: RHB Noel Livingston
|
0-0: Called Strike 0-1: Ball 1-1: Ball 2-1: Foul Ball, location: 2F 2-2: Foul Ball, location: 2F 2-2: Strikes out swinging
|
Batting: RHB Fernando López
|
0-0: Swinging Strike 0-1: Ball 1-1: Ball 2-1: Ball 3-1: Base on Balls Ken Norman to second
|
Batting: RHB Ronald Shelton
|
0-0: Ball 1-0: Ball 2-0: Ball 3-0: Called Strike 3-1: Foul Ball, location: 2F 3-2: Foul Ball, location: 2F 3-2: Strikes out swinging
|
Batting: RHB Miguel Meza
|
0-0: Fly out, F9 (Flyball, 9LM)
|
Bottom of the 2nd over - 0 run(s), 1 hit(s), 0 error(s), 2 left on base; Chicago 1 - New Amsterdam 0 |
TOP OF THE 3RD |
Chicago Gold Sox batting - Pitching for New Amsterdam Republics : RHP Miguel Meza
|
Batting: RHB Carlos Vera
|
0-0: Called Strike 0-1: Swinging Strike 0-2: Strikes out looking
|
Batting: RHB Devin Hinton
|
0-0: Called Strike 0-1: Ball 1-1: Ball 2-1: Foul Ball, location: 2F 2-2: Ball 3-2: Ground out 4-3 (Groundball, 4)
|
Batting: RHB John Farrell
|
0-0: Fly out, F8 (Flyball, 8LD)
|
Top of the 3rd over - 0 run(s), 0 hit(s), 0 error(s), 0 left on base; Chicago 1 - New Amsterdam 0 |
BOTTOM OF THE 3RD |
New Amsterdam Republics batting - Pitching for Chicago Gold Sox : RHP Devin Hinton
|
Batting: RHB José Ramírez
|
0-0: Called Strike 0-1: Ball 1-1: Ball 2-1: Ball 3-1: Called Strike 3-2: Fly out, F7 (Popup, 7S)
|
Batting: RHB Doug Reed
|
0-0: Ball 1-0: Called Strike 1-1: Swinging Strike 1-2: Ground out 5-3 (Groundball, 15S)
|
Batting: LHB Steve Ingram
|
0-0: Foul Ball, location: 2F 0-1: Ground out U3 (Groundball, 3L)
|
Bottom of the 3rd over - 0 run(s), 0 hit(s), 0 error(s), 0 left on base; Chicago 1 - New Amsterdam 0 |
TOP OF THE 4TH |
Chicago Gold Sox batting - Pitching for New Amsterdam Republics : RHP Miguel Meza
|
Batting: RHB Craig Stewart
|
0-0: Called Strike 0-1: Swinging Strike 0-2: Strikes out swinging
|
Batting: LHB Noel Ballard
|
0-0: Called Strike 0-1: Ball 1-1: Foul Ball, location: 2F 1-2: Ground out 3-1 (Groundball, 34)
|
Batting: LHB Earl Ellis
|
0-0: Ball 1-0: Fly out, F9 (Line Drive, 9D)
|
Top of the 4th over - 0 run(s), 0 hit(s), 0 error(s), 0 left on base; Chicago 1 - New Amsterdam 0 |
BOTTOM OF THE 4TH |
New Amsterdam Republics batting - Pitching for Chicago Gold Sox : RHP Devin Hinton
|
Batting: RHB Carlos Ortega
|
0-0: Called Strike 0-1: Called Strike 0-2: Fly out, F4 (Popup, 4)
|
Batting: LHB Ken Norman
|
0-0: DOUBLE (Line Drive, 8RS)
|
Batting: RHB Noel Livingston
|
0-0: SINGLE (Groundball, 6) Ken Norman to third Runner from 3rd tries for Home, SAFE, throw made home
|
Batting: RHB Fernando López
|
0-0: Called Strike 0-1: Ball 1-1: Ball 2-1: Ball 3-1: Swinging Strike 3-2: Foul Ball, location: 2F 3-2: Fly out, F3 (Popup, 3SF)
|
Batting: RHB Ronald Shelton
|
0-0: Ground out 6-3 (Groundball, 6)
|
Bottom of the 4th over - 1 run(s), 2 hit(s), 0 error(s), 1 left on base; Chicago 1 - New Amsterdam 1 |
TOP OF THE 5TH |
Chicago Gold Sox batting - Pitching for New Amsterdam Republics : RHP Miguel Meza
|
Batting: LHB Ron Goodwin
|
0-0: Called Strike 0-1: Ground out 5-3 (Groundball, 56)
|
Batting: LHB Norm Ortega
|
0-0: Foul Ball, location: 2F 0-1: Ball 1-1: Ball 2-1: Ball 3-1: Base on Balls
|
Batting: LHB Vicente Martínez
|
0-0: Called Strike 0-1: Swinging Strike 0-2: DOUBLE (Groundball, 3L) Norm Ortega to third
|
Batting: RHB Carlos Vera
|
0-0: Intentional Walk
|
Batting: RHB Devin Hinton
|
0-0: Ball 1-0: Swinging Strike 1-1: Called Strike 1-2: Strikes out swinging
|
Batting: RHB John Farrell
|
0-0: Ball 1-0: Ball 2-0: Reached on error, E5 (Groundball, 5) Norm Ortega scores Vicente Martínez to third Carlos Vera to second
|
Batting: RHB Craig Stewart
|
0-0: Foul Ball, location: 2F 0-1: Ground out 6-3 (Groundball, 56)
|
Top of the 5th over - 1 run(s), 1 hit(s), 1 error(s), 3 left on base; Chicago 2 - New Amsterdam 1 |
BOTTOM OF THE 5TH |
New Amsterdam Republics batting - Pitching for Chicago Gold Sox : RHP Devin Hinton
|
Batting: RHB Miguel Meza
|
0-0: Called Strike 0-1: Ball 1-1: Foul Ball, location: 2F 1-2: Foul Ball, location: 2F 1-2: Ball 2-2: Foul Ball, location: 2F 2-2: Foul Ball, location: 2F 2-2: Ball 3-2: Fly out, F4 (Popup, 4MD)
|
Batting: RHB José Ramírez
|
0-0: Ball 1-0: Ball 2-0: Ground out 3-1 (Groundball, 34)
|
Batting: RHB Doug Reed
|
0-0: Called Strike 0-1: Ball 1-1: Ball 2-1: Ground out 6-3 (Groundball, 6M)
|
Bottom of the 5th over - 0 run(s), 0 hit(s), 0 error(s), 0 left on base; Chicago 2 - New Amsterdam 1 |
TOP OF THE 6TH |
Chicago Gold Sox batting - Pitching for New Amsterdam Republics : RHP Miguel Meza
|
Batting: LHB Noel Ballard
|
0-0: Called Strike 0-1: Ball 1-1: Foul Ball, location: 2F 1-2: Ground out 6-3 (Groundball, 6M)
|
Batting: LHB Earl Ellis
|
0-0: Ball 1-0: Fly out, F1 (Line Drive, 13)
|
Batting: LHB Ron Goodwin
|
0-0: Ball 1-0: Swinging Strike 1-1: Foul Ball, location: 2F 1-2: Ball 2-2: Strikes out looking
|
Top of the 6th over - 0 run(s), 0 hit(s), 0 error(s), 0 left on base; Chicago 2 - New Amsterdam 1 |
BOTTOM OF THE 6TH |
New Amsterdam Republics batting - Pitching for Chicago Gold Sox : RHP Devin Hinton
|
Batting: LHB Steve Ingram
|
0-0: Ball 1-0: Ball 2-0: Ball 3-0: Base on Balls
|
Batting: RHB Carlos Ortega
|
0-0: Called Strike Steve Ingram steals 2nd base 0-1: Ball 1-1: Swinging Strike 1-2: Foul Ball, location: 2F 1-2: Strikes out swinging
|
Batting: LHB Ken Norman
|
0-0: Ball 1-0: Swinging Strike 1-1: Called Strike 1-2: Ball 2-2: Ground out 4-3 (Groundball, 34) Steve Ingram to third
|
Pitching: LHP Billy Black
|
|
Batting: RHB Noel Livingston
|
0-0: Called Strike 0-1: Ball 1-1: Called Strike 1-2: Foul Ball, location: 2F 1-2: Ball 2-2: Foul Ball, location: 2F 2-2: Ball 3-2: Foul Ball, location: 2F 3-2: Ground out 4-3 (Groundball, 4)
|
Bottom of the 6th over - 0 run(s), 0 hit(s), 0 error(s), 1 left on base; Chicago 2 - New Amsterdam 1 |
TOP OF THE 7TH |
Chicago Gold Sox batting - Pitching for New Amsterdam Republics : RHP Miguel Meza
|
Batting: LHB Norm Ortega
|
0-0: Ball 1-0: Ball 2-0: Called Strike 2-1: Foul Ball, location: 2F 2-2: Foul Ball, location: 2F 2-2: SINGLE (Groundball, 4MD)
|
Pitching: RHP Decheng Sun
|
|
Now at 3B: Raúl Catuncan
|
|
Batting: LHB Vicente Martínez
|
0-0: Ball 1-0: Fly out, F8 (Line Drive, 8LD)
|
Pinch Hitting: RHB Mike Brown
|
0-0: Swinging Strike 0-1: Ball 1-1: Ball 2-1: Swinging Strike 2-2: SINGLE (Groundball, 34S) Norm Ortega to second Runner from 2nd tries for 3rd, SAFE, throw made to third
|
Pinch Hitting: LHB Cristo Ramírez
|
0-0: Ball 1-0: Swinging Strike 1-1: Ball 2-1: Fly out, F6 (Line Drive, 6M)
|
Batting: RHB John Farrell
|
0-0: Called Strike 0-1: Ball 1-1: Ball 2-1: SINGLE (Line Drive, 6MD) Norm Ortega scores Mike Brown to second
|
Batting: RHB Craig Stewart
|
0-0: Fly out, F8 (Flyball, 8LM)
|
Top of the 7th over - 1 run(s), 3 hit(s), 0 error(s), 2 left on base; Chicago 3 - New Amsterdam 1 |
BOTTOM OF THE 7TH |
New Amsterdam Republics batting - Pitching for Chicago Gold Sox : LHP Billy Black
|
Pitching: RHP Justin Reynolds
|
|
Now at 2B: Mike Brown
|
|
Batting: RHB Fernando López
|
0-0: Ball 1-0: Foul Ball, location: 2F 1-1: Ground out 5-3 (Groundball, 5)
|
Batting: RHB Ronald Shelton
|
0-0: Ball 1-0: Swinging Strike 1-1: Ball 2-1: Foul Ball, location: 2F 2-2: Foul Ball, location: 2F 2-2: Foul Ball, location: 2F 2-2: Foul Ball, location: 2F 2-2: Ground out 5-3 (Groundball, 5L)
|
Batting: RHB Raúl Catuncan
|
0-0: SINGLE (Line Drive, 56)
|
Batting: RHB José Ramírez
|
0-0: Ball 1-0: 2-RUN HOME RUN (Flyball, 78XD), Distance : 436 ft
|
Pinch Hitting: RHB Rich Norman
|
0-0: Foul Ball, location: 2F 0-1: Ball 1-1: Ball 2-1: Ball 3-1: Foul Ball, location: 2F 3-2: Base on Balls
|
Pitching: RHP Mike Heller
|
|
Batting: LHB Steve Ingram
|
0-0: Ball 1-0: Ball 2-0: Called Strike 2-1: Fly out, F7 (Flyball, 78M)
|
Bottom of the 7th over - 2 run(s), 2 hit(s), 0 error(s), 1 left on base; Chicago 3 - New Amsterdam 3 |
TOP OF THE 8TH |
Chicago Gold Sox batting - Pitching for New Amsterdam Republics : RHP Decheng Sun
|
Pitching: RHP Albert Emery
|
|
Batting: LHB Noel Ballard
|
0-0: Ground out 6-3 (Groundball, 6M)
|
Batting: LHB Earl Ellis
|
0-0: Foul Ball, location: 2F 0-1: Ball 1-1: Ball 2-1: SINGLE (Groundball, 4MD)
|
Batting: LHB Ron Goodwin
|
0-0: Ball 1-0: Called Strike 1-1: Swinging Strike 1-2: Ball 2-2: Strikes out swinging
|
Batting: LHB Norm Ortega
|
0-0: Foul Ball, location: 2F 0-1: Called Strike 0-2: Ball 1-2: Ball 2-2: Ball 3-2: Foul Ball, location: 2F 3-2: Foul Ball, location: 2F 3-2: Fly out, F8 (Flyball, 8LXD)
|
Top of the 8th over - 0 run(s), 1 hit(s), 0 error(s), 1 left on base; Chicago 3 - New Amsterdam 3 |
BOTTOM OF THE 8TH |
New Amsterdam Republics batting - Pitching for Chicago Gold Sox : RHP Mike Heller
|
Batting: RHB Carlos Ortega
|
0-0: Called Strike 0-1: Ball 1-1: Foul Ball, location: 2F 1-2: Foul Ball, location: 2F 1-2: Strikes out swinging
|
Batting: LHB Ken Norman
|
0-0: Ball 1-0: Swinging Strike 1-1: Foul Ball, location: 2F 1-2: Ball 2-2: Ball 3-2: Strikes out swinging
|
Batting: RHB Noel Livingston
|
0-0: Ball 1-0: Foul Ball, location: 2F 1-1: Ball 2-1: Ball 3-1: Base on Balls
|
Batting: RHB Fernando López
|
0-0: Called Strike 0-1: Called Strike 0-2: Ball 1-2: Strikes out swinging
|
Bottom of the 8th over - 0 run(s), 0 hit(s), 0 error(s), 1 left on base; Chicago 3 - New Amsterdam 3 |
TOP OF THE 9TH |
Chicago Gold Sox batting - Pitching for New Amsterdam Republics : RHP Albert Emery
|
Batting: LHB Vicente Martínez
|
0-0: Foul Ball, location: 2F 0-1: Called Strike 0-2: Ball 1-2: Strikes out swinging
|
Batting: RHB Mike Brown
|
0-0: Ball 1-0: Fly out, F8 (Flyball, 8RXD)
|
Pinch Hitting: RHB Juan Orozco
|
0-0: Called Strike 0-1: Ball 1-1: Fly out, F9 (Flyball, 9S)
|
Top of the 9th over - 0 run(s), 0 hit(s), 0 error(s), 0 left on base; Chicago 3 - New Amsterdam 3 |
BOTTOM OF THE 9TH |
New Amsterdam Republics batting - Pitching for Chicago Gold Sox : RHP Mike Heller
|
Pitching: RHP Lorenzo Marín
|
|
Batting: RHB Ronald Shelton
|
0-0: Ball 1-0: Ball 2-0: Ground out 4-3 (Groundball, 4M)
|
Pinch Hitting: LHB Stan Lewis
|
0-0: Ball 1-0: SINGLE (Line Drive, 89M)
|
Batting: RHB José Ramírez
|
0-0: Ball 1-0: Foul Ball, location: 2F 1-1: Called Strike 1-2: Foul Ball, location: 2F 1-2: Strikes out swinging
|
Pinch Hitting: LHB Arturo Acosta
|
0-0: Ground out 4-3 (Groundball, 34)
|
Bottom of the 9th over - 0 run(s), 1 hit(s), 0 error(s), 1 left on base; Chicago 3 - New Amsterdam 3 |
TOP OF THE 10TH |
Chicago Gold Sox batting - Pitching for New Amsterdam Republics : RHP Albert Emery
|
Pitching: LHP Michael Rondeau
|
|
Now in CF: William Gaines
|
|
Batting: RHB John Farrell
|
0-0: Called Strike 0-1: Ball 1-1: Foul Ball, location: 2F 1-2: Ball 2-2: Strikes out swinging
|
Batting: RHB Craig Stewart
|
0-0: Swinging Strike 0-1: Ball 1-1: Ball 2-1: Foul Ball, location: 2F 2-2: Foul Ball, location: 2F 2-2: Ball 3-2: Base on Balls
|
Batting: LHB Noel Ballard
|
0-0: Ball 1-0: Swinging Strike 1-1: Called Strike 1-2: Foul Ball, location: 2F 1-2: Ball 2-2: Ball 3-2: Base on Balls Craig Stewart to second
|
Pinch Hitting: RHB Wayne Bannatyne
|
0-0: Swinging Strike 0-1: Called Strike 0-2: Fielders Choice at 2nd, 5-4 (Groundball, 5) Craig Stewart to third
|
Pinch Hitting: RHB Kyle Myers
|
0-0: Ball 1-0: DOUBLE (Line Drive, 78M) Craig Stewart scores Wayne Bannatyne to third Runner from 3rd tries for Home, SAFE, no throw or cutoff
|
Pitching: RHP Pablo Solano
|
|
Batting: LHB Norm Ortega
|
0-0: Ball 1-0: SINGLE (Flyball, 89S) Kyle Myers to third
|
Batting: LHB Vicente Martínez
|
0-0: Called Strike 0-1: Ball 1-1: Fly out, F7 (Flyball, 8LM)
|
Top of the 10th over - 2 run(s), 2 hit(s), 0 error(s), 2 left on base; Chicago 5 - New Amsterdam 3 |
BOTTOM OF THE 10TH |
New Amsterdam Republics batting - Pitching for Chicago Gold Sox : RHP Lorenzo Marín
|
Now at 1B: Kyle Myers
|
|
Now in LF: Wayne Bannatyne
|
|
Batting: LHB Steve Ingram
|
0-0: Swinging Strike 0-1: Ground out 4-3 (Groundball, 4)
|
Batting: RHB Carlos Ortega
|
0-0: Ball 1-0: Ball 2-0: Foul Ball, location: 2F 2-1: Fly out, F9 (Flyball, 9M)
|
Batting: LHB Ken Norman
|
0-0: Ball 1-0: Called Strike 1-1: Ball 2-1: Ball 3-1: Base on Balls
|
Batting: RHB Noel Livingston
|
0-0: Ball 1-0: Ball 2-0: Ball 3-0: Base on Balls Ken Norman to second
|
Batting: RHB Fernando López
|
0-0: Called Strike 0-1: Foul Ball, location: 2F 0-2: Strikes out looking
|
Bottom of the 10th over - 0 run(s), 0 hit(s), 0 error(s), 2 left on base; Chicago 5 - New Amsterdam 3 |
|